 Dungeon Crawl Stone Soup version 0.21.1-1-g345015fe64 (webtiles) character file.

108 Kohma the Slasher (level 4, -6/55 HPs)
             Began as a Demonspawn Berserker on June 20, 2018.
             Was a Believer of Trog.
             Mangled by a gnoll
             ... wielding a +0 halberd
              (10 damage)
             ... on level 2 of the Dungeon.
             The game lasted 00:05:00 (1974 turns).

Kohma the Slasher (Demonspawn Berserker)            Turns: 1974, Time: 00:05:01

Health: -6/55      AC:  6    Str: 23    XL:     4   Next: 58%
Magic:  0/4        EV: 13    Int:  9    God:    Trog [**....]
Gold:   151        SH:  0    Dex: 12    Spells: 3/3 levels left

rFire    + . .     SeeInvis .   a - +0 falchion
rCold    . . .     Gourm    .   (no shield)
rNeg     . . .     Faith    .   e - +0 ring mail
rPois    .         Spirit   +   (no helmet)
rElec    .         Reflect  .   n - +0 cloak
rCorr    .         Harm     .   (no gloves)
MR       .....                  (no boots)
Stlth    ..........             (no amulet)
HPRegen  0.18/turn              f - ring of protection from fire
MPRegen  0.18/turn              (no ring)

@: berserking, very quick
A: repulsion field 1, magic shield, magic regeneration
a: Berserk, Trog's Hand, Burn Spellbooks, Renounce Religion


You were on level 2 of the Dungeon.
You worshipped Trog.
Trog was pleased with you.
You were hungry.

You visited 1 branch of the dungeon, and saw 2 of its levels.

You collected 151 gold pieces.

Inventory:

Hand Weapons
 a - a +0 falchion (weapon)
 b - a +0 dagger of venom
Armour
 e - a +0 ring mail (worn)
 g - a +0 chain mail
 n - a +0 cloak (worn)
Jewellery
 f - a ring of protection from fire (left hand)
Wands
 p - a wand of iceblast (5)
Scrolls
 d - 5 scrolls of remove curse {unknown}
 i - a scroll of identify {unknown}
 k - a scroll of enchant armour {unknown}
 l - a scroll of amnesia {unknown}
 q - a scroll of magic mapping {unknown}
Potions
 j - 3 potions of curing {unknown}
 m - a potion of experience {unknown}
 o - 2 potions of brilliance {unknown}
Comestibles
 c - 4 rations


   Skills:
 + Level 3.9 Fighting
 * Level 4.3 Long Blades
 - Level 1.7 Armour
 - Level 1.7 Dodging


You had 3 spell levels left.
You didn't know any spells.

Dungeon Overview and Level Annotations

Branches:
Dungeon (2/15)

Altars:
Qazlal
Yredelemnul

Annotations:
D:1 blink


Innate Abilities, Weirdness & Mutations

You are surrounded by a mild repulsion field. (EV +2)
When hurt, damage is shared between your health and your magic reserves.
You regenerate magic rapidly.


Message History

The gnoll is moderately wounded.
The gnoll barely misses you. x2; You riposte.
You barely miss the gnoll.
The gnoll is moderately wounded.
You hit the gnoll but do no damage.
The gnoll is moderately wounded.
The gnoll hits you from afar with a halberd.
You hit the gnoll.
The gnoll is heavily wounded.
The gnoll hits you with a flail!
* * * LOW HITPOINT WARNING * * *
All of the chunks of flesh in your inventory have rotted away.
You hit the gnoll.
The gnoll is severely wounded.
The gnoll barely misses you. The gnoll hits you with a flail.
* * * LOW HITPOINT WARNING * * *
A red film seems to cover your vision as you go berserk!
You feel yourself moving faster!
You feel mighty!
You are feeling hungry.
The gnoll hits you from afar with a halberd!
You die...

##..# #)# #.#.######....#
....###รท###........#.#..#
##..'.._###.............#
#..###.###..#####.#.#.##
#..# #.# #..# #.#.#.#
#..###'###..# ###.#.#.#
#..........## #.g.....#
#..###..#### #g####..#
#..###.########@# #..#
#.............#.# #..#
#.###########.#.# #..#
#..## #.#.# #>.# #...#
##.#.# #.<# ###.## #..#.#
#..# ##(..## #.##.####..#
##.....######..........#
#.......#........####.##


You could see 2 gnolls.

Vanquished Creatures
  A bullfrog skeleton (D:2)
  A gnoll (D:2)
  An adder (D:2)
  An ooze (D:2)
  A worm (D:2)
  3 dart slugs (D:2)
  A leopard gecko (D:1)
  A giant cockroach (D:2)
  7 goblins
  6 hobgoblins
  A quokka (D:2)
  6 bats
  A frilled lizard (D:1)
  9 kobolds
  8 rats
48 creatures vanquished.

Notes
Turn   | Place    | Note
-------+----------+-------------------------------------------
     0 | D:1      | Kohma the Demonspawn Berserker began the quest for the Orb.
     0 | D:1      | Reached XP level 1. HP: 18/18 MP: 1/1
   309 | D:1      | Reached skill level 3 in Long Blades
   722 | D:1      | Gained mutation: When hurt, damage is shared between your health and your magic reserves. [demonic ancestry]
   722 | D:1      | Reached XP level 2. HP: 24/24 MP: 2/2
  1137 | D:2      | Found a basalt altar of Yredelemnul.
  1153 | D:2      | Gained mutation: You regenerate magic rapidly. [demonic ancestry]
  1153 | D:2      | Reached XP level 3. HP: 14/29 MP: 3/3
  1337 | D:2      | Found a stormy altar of Qazlal.
  1395 | D:2      | Reached ** piety under Trog
  1574 | D:2      | Reached skill level 4 in Long Blades
  1696 | D:2      | Gained mutation: You are surrounded by a mild repulsion field. (EV +2) [demonic ancestry]
  1696 | D:2      | Reached XP level 4. HP: 37/37 MP: 4/4
  1974 | D:2      | Mangled by a gnoll

Skill      XL: |  1  2  3 |
---------------+----------+-----
Long Blades    | 3 4 |  4.3
Fighting       | |  3.9
Armour         | |  1.7
Dodging        | |  1.7

Action                   |  1- 3 |  4- 6 || total
-------------------------+-------+-------++-------
Melee: Falchion          |   139 |    38 ||   177
Invok: Berserk           |       |     1 ||     1
 Stab: Sleeping          |     2 |       ||     2
  Eat: Chunk             |     3 |     1 ||     4
Armor: Ring mail         |    58 |     7 ||    65
Dodge: Dodged            |    98 |    23 ||   121
       Rpst.: Falchion   |    30 |     6 ||    36
